 Dungeon Crawl Stone Soup version 0.31-a0-200-gbc41564c69 (webtiles) character file.

Game seed: 14159312040435658298

200 qw the Skirmisher (level 5, -3/30 HPs)
             Began as a Deep Elf Hunter on June 25, 2023.
             Slain by a phantom (6 damage)
             ... on level 4 of the Dungeon.
             The game lasted 00:00:50 (2120 turns).

qw the Skirmisher (Deep Elf Hunter)                 Turns: 2120, Time: 00:00:50

Health: -3/30      AC:  5    Str: 10    XL:     5   Next: 48%
Magic:  7/7        EV: 11    Int: 14    God:
Gold:   69         SH:  0    Dex: 18    Spells: 4/4 levels left

rFire   . . .        Y - +0 shortbow
rCold   . . .        (shield currently unavailable)
rNeg    . . .        b - +0 ring mail
rPois   .            (no helmet)
rElec   .            (no cloak)
rCorr   .            (no gloves)
SInv    .            (no boots)
Will    +....        (no amulet)
Stlth   +            i - ring of willpower
HPRegen 0.25/turn    (no ring)
MPRegen 0.10/turn

%: no passive effects
@: no status effects
A: no striking features
a: no special abilities


You were on level 4 of the Dungeon.
You visited 1 branch of the dungeon, and saw 4 of its levels.

You collected 194 gold pieces.
You spent 125 gold pieces at shops.


   Skills:
 + Level 1.6 Fighting
 - Level 9.0 Ranged Weapons
 - Level 2.4 Dodging
 - Level 1.2 Stealth


You had 4 spell levels left.
You didn't know any spells.
Your spell library was empty.

Inventory:

Hand Weapons
 Y - a +0 shortbow (weapon)
Armour
 a - a +0 pair of boots
 b - a +0 ring mail (worn)
Jewellery
 c - a +4 ring of protection
 i - a ring of willpower (left hand)
Scrolls
 j - 3 scrolls of identify
Potions
 d - a potion of mutation {unknown}
 e - a potion of haste {unknown}
 f - a potion of heal wounds {unknown}
 g - 3 potions of curing
 k - a potion of degeneration {unknown}
 l - a potion of resistance {unknown}

Dungeon Overview and Level Annotations

Branches:
Dungeon (4/15)
 Temple: D:4-7

Altars:
Hepliaklqana
Vehumet

Shops:
D:3 !   D:4 *

Annotations:
D:4 Eustachio


Message History

The arrow hits the phantom.
The phantom is lightly damaged.
The white imp sputters.
You shoot an arrow. The arrow hits the ball python.
The ball python is severely wounded.
The ball python closely misses you. The ball python grabs you.
The ball python constricts you.
You shoot an arrow. The orc shouts!
The arrow hits the ball python.
You kill the ball python!
You shoot an arrow. The arrow barely misses the phantom.
The phantom hits you but does no damage.
You shoot an arrow. The arrow barely misses the phantom.
The phantom hits you.
The phantom blinks!
You blink.
Enter note:
Enter note:
Enter note:
Enter note:
Enter note:
Enter note: You shoot an arrow.
The arrow hits the phantom.
The phantom is moderately damaged.
The phantom hits you but does no damage.
You shoot an arrow.
The arrow hits the phantom but does no damage.
The phantom is moderately damaged.
The phantom barely misses you.
You shoot an arrow. The arrow misses the phantom.
An orc comes into view. It is wielding a +0 dagger.
Something hits you. The phantom hits you.
You shoot an arrow.
The arrow completely misses the phantom.
The phantom hits you.
The phantom blinks!
You blink.
You shoot an arrow. The arrow closely misses the phantom.
The phantom hits you. x2
You shoot an arrow. The arrow hits the phantom.
The phantom is moderately damaged.
The phantom hits you.
You die...

....##.....#.#
#.#.....##........
###.##.#.....#
#.#.....##........
#.##.#.#..)###.#.....##........
####.#.#.#.....#.....##........
######).##..#.....##########
#..###..#.....# ...##
#..#.....# ...## #..#.....# ###
##@#.....## #W#[.....##
#{o.####..### #.#5# #....##
#.#..# #.....# #o##.# #...#.#
#.# .. #...#.# #.. .#.#####.#
#.. .#.. #..


You could see a phantom, a white imp and 2 orcs.

Vanquished Creatures
  An ice beast (D:4)
  An adder (D:4)
  2 shadow imps (D:4)
  2 ufetubi (D:4)
  A worm (D:2)
  3 dart slugs
  3 orcs (D:4)
  7 ball pythons
  2 bats
  7 endoplasms
  3 giant cockroaches
  7 goblins
  5 hobgoblins
  2 quokkas
  2 frilled lizards (D:2)
  6 kobolds
  6 rats
60 creatures vanquished.

Notes
Turn   | Place    | Note
-------+----------+-------------------------------------------
     0 | D:1      | qw the Deep Elf Hunter began the quest for the Orb.
     0 | D:1      | Reached XP level 1. HP: 12/12 MP: 3/3
     0 | D:1      | 0 ||| qw: Version: 0.3-a-22-g0ed2b0b
     0 | D:1      | 0 ||| qw: Game counter: 5602
     0 | D:1      | 0 ||| qw: Melee chars always use a shield: true
     0 | D:1      | 0 ||| qw: God list: Okawaru
     0 | D:1      | 0 ||| qw: Allow faded altars: false
     0 | D:1      | 0 ||| qw: Do Orc after clearing Dungeon:15 true
     0 | D:1      | 0 ||| qw: Do second Lair branch before Depths: true
     0 | D:1      | 0 ||| qw: Lair rune preference: random
     0 | D:1      | 0 ||| qw: Goals: Normal
     0 | D:1      | 0 ||| PLANNING D:1-11
    75 | D:1      | Found a faded altar of an unknown god.
   112 | D:1      | Reached XP level 2. HP: 16/16 MP: 4/4
   129 | D:1      | Reached skill level 6 in Ranged Weapons
   459 | D:1      | 459 ||| READING scroll labelled YWOUMN SA NAYR.
   460 | D:1      | 460 ||| DROPPING scroll of butterflies.
   568 | D:2      | Reached XP level 3. HP: 20/20 MP: 5/5
   819 | D:2      | 819 ||| UPGRADING to +0 ring mail.
   829 | D:2      | 829 ||| DROPPING +0 leather armour.
   830 | D:2      | 830 ||| UPGRADING to ring of willpower.
   831 | D:2      | 831 ||| READING scroll labelled PYOGECAFEA.
   832 | D:2      | 832 ||| READING scroll labelled RISTRO XEOMN.
   868 | D:2      | 868 ||| READING scroll labelled UKHLIO RI FIGG.
   869 | D:2      | 869 ||| READING scroll labelled HAUPUSTRI EMOU.
   872 | D:2      | 872 ||| DRINKING 2 yellow potions.
   873 | D:2      | 873 ||| DRINKING 2 ruby potions.
   874 | D:2      | 874 ||| DROPPING potion of brilliance.
   893 | D:3      | Found Mozyrr's Distillery.
   911 | D:3      | 911 ||| BUYING 2 potions of curing (60 gold).
   911 | D:3      | Bought 2 potions of curing for 60 gold pieces
   911 | D:3      | 911 ||| SHOPLISTING 2 potions of might (80 gold, have 11).
   911 | D:3      | 911 ||| SHOPLISTING 3 potions of might (120 gold, have 11).
   911 | D:3      | 911 ||| SHOPLISTING potion of curing (30 gold, have 11).
   911 | D:3      | 911 ||| SHOPLISTING potion of haste (100 gold, have 11).
   911 | D:3      | 911 ||| SHOPLISTING potion of heal wounds (50 gold, have
                  | 11).
   911 | D:3      | 911 ||| SHOPLISTING potion of mutation (80 gold, have 11).
   929 | D:3      | Reached skill level 7 in Ranged Weapons
  1265 | D:3      | Found a radiant altar of Vehumet.
  1515 | D:3      | 1515 ||| READING scroll labelled YVAKYARULY.
  1516 | D:3      | 1516 ||| READING scroll labelled OCVEM CIAQEHET.
  1527 | D:4      | Found Rodefat's General Store.
  1536 | D:4      | 1536 ||| BUYING +0 pair of boots (45 gold).
  1536 | D:4      | Bought a +0 pair of boots for 45 gold pieces
  1536 | D:4      | 1536 ||| BUYING scroll of identify (20 gold).
  1536 | D:4      | Bought a scroll of identify for 20 gold pieces
  1655 | D:4      | Reached XP level 4. HP: 23/25 MP: 6/6
  1788 | D:4      | Noticed an ice beast
  1797 | D:4      | Killed an ice beast
  1798 | D:4      | Reached skill level 8 in Ranged Weapons
  1798 | D:4      | Reached XP level 5. HP: 29/29 MP: 7/7
  1862 | D:4      | Found a hazy altar of Hepliaklqana.
  1967 | D:4      | Reached skill level 9 in Ranged Weapons
  1970 | D:4      | Noticed Eustachio
  1975 | D:4      | Noticed a sky beast
  1984 | D:4      | HP: 7/30 [iron imp[Eustachio] (5)]
  1985 | D:4      | 1985 ||| READING scroll of teleportation.
  2104 | D:4      | 2104 ||| Stepping ~*~*~tactically~*~*~ (outnumbered).
  2105 | D:4      | Noticed a phantom
  2108 | D:4      | 2108 ||| Stepping ~*~*~tactically~*~*~ (outnumbered).
  2119 | D:4      | HP: 3/30 [phantom (5)]
  2120 | D:4      | Slain by a phantom

Levels and vault maps discovered:
D:1:      minmay_arrival_wavy_path, layout_rooms,
          hellmonk_ecumenical_altar_slurped_away
D:2:      layout_rooms
D:3:      layout_basic, vehumet_altar_wand_db, serial_shops, shop
D:4:      layout_basic, kennysheep_mini, minmay_temple_entry_antechambers,
          serial_demonic, serial_demonic_e, serial_demonic_b, serial_demonic_f,
          serial_demonic_e, serial_demonic_f, serial_demonic_e, serial_shops,
          shop, minmay_stone_trees_small, nicolae_stop_n_shop_2, uniq_eustachio

Skill      XL: |  1  2  3  4  5 |
---------------+----------------+-----
Ranged Weapons | 6 7 8 9 |  9.0
Fighting       | |  1.6
Dodging        | |  2.4
Stealth        | |  1.2

Action                     |  1- 3 |  4- 6 || total
---------------------------+-------+-------++-------
   Fire: Shortbow          |   112 |    66 ||   178
    Use: Scroll            |     7 |     1 ||     8
         Potion            |     2 |       ||     2
 Armour: Leather armour    |     3 |       ||     3
         Ring mail         |     2 |    18 ||    20
  Dodge: Dodged            |    17 |    24 ||    41

Table legend:
 A = Non-vault XP
 B = Vault XP
 C = Vault XP percentage of total XP
 D = Non-vault monster count
 E = Vault monster count
 F = Vault count percentage of total count
                 A         B        C        D         E       F
            +---------+---------+-------+---------+---------+-------
      Total |     244 |      42 |  14.7 |      54 |       6 |  10.0
            +---------+---------+-------+---------+---------+-------
        D:1 |      26 |       2 |   7.1 |      14 |       1 |   6.7
        D:2 |      33 |       0 |   0.0 |      18 |       0 |   0.0
        D:3 |      16 |       2 |  11.1 |       8 |       1 |  11.1
        D:4 |     169 |      38 |  18.4 |      14 |       4 |  22.2
            +---------+---------+-------+---------+---------+-------
